 Dungeon Crawl Stone Soup version 0.30-a0-728-gc68057be0a (webtiles) character file.

Game seed: 14586406522825717326

442 Rikuski the Ruffian (level 6, -2/59 HPs)
             Began as a Troll Monk on Jan 31, 2023.
             Was an Initiate of Ashenzari.
             Slain by an orc warrior
             ... wielding a +0 dire flail
              (20 damage)
             ... on level 4 of the Dungeon.
             The game lasted 00:18:00 (2884 turns).

Rikuski the Ruffian (Troll Monk)                    Turns: 2884, Time: 00:18:01

Health: -2/59      AC:  4    Str: 22    XL:     6   Next: 71%
Magic:  5/5        EV: 10    Int:  6    God:    Ashenzari [......]
Gold:   134        SH:  0    Dex: 12    Spells: 5/5 levels left

rFire   . . .      SeeInvis +      - Unarmed
rCold   . . .      Faith    .    (no shield)
rNeg    . . .      Spirit   .    a - +0 robe
rPois   .          Reflect  .    (helmet restricted)
rElec   .          Harm     .    (no cloak)
rCorr   .          Rampage  .    (gloves unavailable)
Will    .....                    (boots unavailable)
Stlth   ++                       w - amulet of regeneration
HPRegen 1.89/turn                n - ring of see invisible
MPRegen 0.09/turn                (no ring)

@: no status effects
A: large, unfitting armour, claws 3, regeneration 1, shaggy fur 1, tough skin 1
a: Renounce Religion, Curse Item


You were on level 4 of the Dungeon.
You worshipped Ashenzari.
Ashenzari was noncommittal.
You visited 1 branch of the dungeon, and saw 4 of its levels.

You collected 200 gold pieces.
You spent 66 gold pieces at shops.

Inventory:

Missiles
 g - 47 stones (quivered)
Armour
 a - a +0 robe (worn)
 d - a +0 leather armour
 e - a +0 ring mail
 u - a +2 buckler
Magical Staves
 q - a staff of cold
Jewellery
 n - a ring of see invisible (left claw)
 w - an amulet of regeneration (around neck)
Scrolls
 c - a scroll of immolation {unknown}
 f - a scroll of fog {unknown}
 h - 5 scrolls of magic mapping {unknown}
 i - 4 scrolls of enchant armour {unknown}
 j - 3 scrolls of identify {unknown}
 m - 2 scrolls of enchant weapon {unknown}
 v - a scroll of teleportation {unknown}
 y - a scroll of vulnerability {unknown}
Potions
 b - a potion of ambrosia
 k - a potion of flight {unknown}
 l - a potion of curing
 o - 3 potions of brilliance {unknown}
 p - a potion of degeneration {unknown}
 r - a potion of might {unknown}
 s - 2 potions of attraction {unknown}
 t - a potion of haste {unknown}
 x - a potion of mutation {unknown}


   Skills:
 - Level 2.4 Fighting
 + Level 3.0 Dodging
 - Level 1.0 Stealth
 + Level 7.4 Unarmed Combat


You had 5 spell levels left.
You didn't know any spells.
Your spell library contained the following spells:

 Spells                   Type           Power      Damage    Failure   Level
 Magic Dart               Conj           0%         1d3       45%         1
 Shock                    Conj/Air       0%         1d3       45%         1
 Call Imp                 Summ           0%         N/A       58%         2
 Call Canine Familiar     Summ           0%         N/A       83%         3
 Mephitic Cloud           Conj/Pois/Air  0%         N/A       83%         3
 Portal Projectile        Hex/Tloc       0%         N/A       83%         3
 Swiftness                Air            0%         N/A       83%         3
 Airstrike                Air            0%         2d(0-16)  99%         4
 Leda's Liquefaction      Hex/Erth       0%         N/A       99%         4
 Lee's Rapid Deconstruct  Erth           0%         3d4*      100%        5
 Statue Form              Tmut/Erth      0%         N/A       100%        6


Dungeon Overview and Level Annotations

Branches:
Dungeon (4/15)
 Temple: D:4-7

Altars:
Ashenzari
Yredelemnul

Shops:
D:2 *


Innate Abilities, Weirdness & Mutations

You are too large for most types of armour.
You have claws for hands.
Your natural rate of healing is unusually fast.
You are covered in fur. (AC +1)
You have tough skin. (AC +1)


Message History

An orc warrior comes into view. It is wielding a +0 dire flail.
Things that are here:
a +0 whip; 6 poisoned darts; a kobold corpse The orc warrior hits you with a +0 dire flail.
You claw the orc warrior!
The orc warrior is severely wounded.
The orc warrior hits you with a +0 dire flail!
You scratch the orc warrior but do no damage.
The orc warrior is severely wounded.
You barely miss the orc warrior.
The orc warrior is severely wounded.
The orc warrior hits you with a +0 dire flail.
You barely miss the orc warrior.
The orc warrior is severely wounded.
The orc warrior hits you with a +0 dire flail!
You are too injured to fight recklessly!
You feel better.
The orc warrior hits you with a +0 dire flail!
You closely miss the orc warrior.
The orc warrior is severely wounded.
The orc warrior barely misses you.
You completely miss the orc warrior.
The orc warrior is severely wounded.
The orc warrior hits you with a +0 dire flail!
You closely miss the orc warrior.
The orc warrior is severely wounded.
The orc warrior closely misses you.
You completely miss the orc warrior.
The orc warrior is severely wounded.
You scratch the orc warrior but do no damage.
The orc warrior is severely wounded.
The orc warrior hits you with a +0 dire flail!
* * * LOW HITPOINT WARNING * * *
You barely miss the orc warrior.
The orc warrior is heavily wounded.
The orc warrior hits you with a +0 dire flail.
* * * LOW HITPOINT WARNING * * *
You feel better.
The orc warrior hits you with a +0 dire flail!!
You die...

#.###.##÷#.. #.# #.##.#..
#.# #.##.... #.# #.###...
#.# #.###.#. #.###.##....
###### #...)....#..
#..#.#### #####.#####.
#.#).@o.# #####.##....
#.####.#..#.##...#.###
#..#.######.##...#.#..
#.#††...#.#.##.......#
#########.#..#.##........
#.......####.#.##....#.##
#........##............#
#.........).#...#..#.###
#.........####.......###


You could see an orc warrior.

Vanquished Creatures
  A black bear (D:4)
  An ogre (D:4)
  A scorpion (D:4)
  A hound (D:4)
  An orc priest (D:4)
  An iguana (D:4)
  2 gnolls
  3 adders
  A worm (D:2)
  A dart slug (D:3)
  3 orcs
  5 endoplasms
  3 giant cockroaches
  3 goblins
  6 hobgoblins
  8 jackals
  6 kobolds
  3 quokkas
  12 ball pythons
  3 bats
  2 frilled lizards
  4 rats
71 creatures vanquished.

Notes
Turn   | Place    | Note
-------+----------+-------------------------------------------
     0 | D:1      | Rikuski the Troll Monk began the quest for the Orb.
     0 | D:1      | Reached XP level 1. HP: 22/22 MP: 0/0
   279 | D:1      | Reached XP level 2. HP: 21/29 MP: 1/1
   299 | D:1      | Found a faded altar of an unknown god.
   305 | D:1      | Prayed at the altar of an unknown god.
   305 | D:1      | Became a worshipper of Ashenzari the Shackled
   701 | D:1      | Reached skill level 4 in Unarmed Combat
   823 | D:2      | Found Kuytsaur's General Store.
   920 | D:2      | Reached XP level 3. HP: 36/36 MP: 2/2
  1082 | D:2      | Found a basalt altar of Yredelemnul.
  1308 | D:2      | Bought a potion of curing for 33 gold pieces
  1308 | D:2      | Bought a potion of curing for 33 gold pieces
  1916 | D:3      | Reached skill level 5 in Unarmed Combat
  1916 | D:3      | Reached XP level 4. HP: 43/44 MP: 3/3
  2392 | D:4      | Noticed a scorpion
  2399 | D:4      | Killed a scorpion
  2400 | D:4      | Reached XP level 5. HP: 50/50 MP: 4/4
  2405 | D:4      | Noticed a black bear
  2420 | D:4      | Killed a black bear
  2421 | D:4      | Reached skill level 6 in Unarmed Combat
  2450 | D:4      | Reached XP level 6. HP: 59/59 MP: 5/5
  2493 | D:4      | Reached skill level 7 in Unarmed Combat
  2869 | D:4      | Noticed an orc warrior
  2884 | D:4      | Slain by an orc warrior

Illustrated notes

Levels and vault maps discovered:
D:1:      matt_arrival_diagonals, layout_basic, basic_ecumenical_altar
D:2:      layout_loops_ring, basic_altar, serial_shops, shop,
          minmay_misc_feat_encased
D:3:      layout_basic, nicolae_titane
D:4:      minmay_angry_zag, layout_rooms, corexii_leaking_fountain, minmay_puff

Skill      XL: |  1  2  3  4  5  6 |
---------------+-------------------+-----
Unarmed Combat | 4 5 6 7 |  7.4
Dodging        | 3 |  3.0
Fighting       | |  2.4
Stealth        | |  1.0

Action                     |  1- 3 |  4- 6 || total
---------------------------+-------+-------++-------
  Melee: Unarmed           |   106 |    93 ||   199
         Punch             |     3 |       ||     3
  Throw: Stone             |       |     1 ||     1
    Use: Potion            |       |     2 ||     2
   Stab: Sleeping          |     3 |     3 ||     6
 Armour: Robe              |    33 |    15 ||    48
  Dodge: Dodged            |    51 |    38 ||    89

Table legend: (Time is in decaauts)
 A = Elapsed time spent in this place.
 B = Non-inter-level travel time spent in this place.
 C = Inter-level travel time spent in this place.
 D = Time resting spent in this place.
 E = Time spent auto-exploring this place.
 F = Levels seen in this place.
 G = Mean time per level.
                   A        B        C        D        E       F      G
               +--------+--------+--------+--------+--------+-----+--------+
         Total |   2863 |   2737 |    126 |    291 |    868 |   4 |  715.8 |
       Dungeon |   2863 |   2737 |    126 |    291 |    868 |   4 |  715.8 |
               +--------+--------+--------+--------+--------+-----+--------+

Top non-repeatable levels by time:
     D:1: 821 daAuts
     D:2: 779 daAuts
     D:3: 763 daAuts
     D:4: 500 daAuts
